 Dungeon Crawl Stone Soup version 0.20-a0-1008-g0de3dc5 (webtiles) character file.

95 mkm the Cudgeler (level 4, -2/40 HPs)
             Began as a Minotaur Berserker on Apr 14, 2017.
             Was a Believer of Trog.
             Slain by a hobgoblin
             ... wielding a +0 dagger
              (4 damage)
             ... on level 2 of the Dungeon.
             The game lasted 00:05:52 (1260 turns).

mkm the Cudgeler (Minotaur Berserker)               Turns: 1260, Time: 00:05:53

Health: -2/40      AC:  3    Str: 21    XL:     4   Next: 40%
Magic:  3/3        EV: 12    Int:  4    God:    Trog [**....]
Gold:   68         SH:  3    Dex: 11    Spells: 3/3 levels left

rFire    . . .     SeeInvis .   a - +1 mace
rCold    . . .     Gourm    .   l - +0 buckler
rNeg     . . .     Faith    .   b - +0 animal skin
rPois    .         Spirit   .   (helmet restricted)
rElec    .         Reflect  .   e - +0 cloak
rCorr    .         Harm     .   (no gloves)
MR       .....                  (no boots)
Stlth    +.........             (no amulet)
Regen    0.2/turn               (no ring)
MPRegen  0.1/turn               (no ring)

@: no status effects
A: retaliatory headbutt, horns 2
a: Berserk, Trog's Hand, Burn Spellbooks, Renounce Religion


You were on level 2 of the Dungeon.
You worshipped Trog.
Trog was pleased with you.
You were not hungry.

You visited 1 branch of the dungeon, and saw 2 of its levels.

You collected 68 gold pieces.

Inventory:

Hand Weapons
 a - a +1 mace (weapon)
Armour
 b - a +0 animal skin (worn)
 e - a +0 cloak (worn)
 l - a +0 buckler (worn)
Jewellery
 g - a cursed ring of loudness {unknown}
Scrolls
 d - a scroll of enchant weapon
 j - a scroll of amnesia {unknown}
 k - a scroll of identify {unknown}
Potions
 h - a potion of heal wounds {unknown}
 i - 2 potions of flight {unknown}
Comestibles
 f - a royal jelly


   Skills:
 + Level 4.3 Fighting
 + Level 5.2 Maces & Flails
 + Level 2.5 Armour
 + Level 2.9 Dodging
 + Level 0.5 Stealth


You had 3 spell levels left.
You didn't know any spells.

Dungeon Overview and Level Annotations

Branches:
Dungeon (2/15)

Altars:


Innate Abilities, Weirdness & Mutations

You reflexively headbutt those who attack you in melee.
You have a pair of horns on your head.


Message History

The hobgoblin throws a javelin.
You block the javelin.
The hobgoblin throws a javelin.
The javelin hits you but does no damage.
The hobgoblin closely misses you. The hobgoblin hits you with a dagger.
* * * LOW HITPOINT WARNING * * *
The hobgoblin hits you with a dagger.
* * * LOW HITPOINT WARNING * * *
The hobgoblin barely misses you. The hobgoblin barely misses you.
You furiously retaliate!
You headbutt the hobgoblin. The hobgoblin barely misses you.
You block the hobgoblin's attack. The hobgoblin hits you with a dagger.
* * * LOW HITPOINT WARNING * * *
The hobgoblin closely misses you. The hobgoblin barely misses you.
The hobgoblin barely misses you. The hobgoblin hits you with a dagger.
You die...

### #.. ##
#.##.############.
#.##.....)........
#.#######.....##†. #@#
#............
##g####............
####..................
#...<....#............
#.##..................
# ##.#.##.##.......#.
#.#.##............
#.#.#######.......
#.#.# #.......


You could see a hobgoblin.

Vanquished Creatures
  4 gnolls (D:2)
  An adder (D:2)
  An ooze (D:2)
  2 dart slugs (D:1)
  2 leopard geckos
  7 bats
  2 giant cockroaches (D:1)
  4 hobgoblins (D:1)
  A ball python (D:1)
  4 frilled lizards
  4 goblins
  A kobold (D:1)
  10 rats
43 creatures vanquished.

Notes
Turn   | Place    | Note
-------+----------+-------------------------------------------
     0 | D:1      | mkm the Minotaur Berserker began the quest for the Orb.
     0 | D:1      | Reached XP level 1. HP: 19/19 MP: 0/0
   133 | D:1      | Reached XP level 2. HP: 9/27 MP: 1/1
   152 | D:1      | Reached skill level 4 in Maces & Flails
   413 | D:1      | Reached ** piety under Trog
   590 | D:1      | Reached XP level 3. HP: 33/33 MP: 2/2
  1217 | D:2      | Reached skill level 5 in Maces & Flails
  1221 | D:2      | Reached XP level 4. HP: 35/40 MP: 3/3
  1256 | D:2      | HP: 1/40 [hobgoblin/dagger (3)]
  1260 | D:2      | Slain by a hobgoblin

Vault maps used:
D:1:      enne_arrival_octagon_isle, roderic_lattice_a

Skill      XL: |  1  2  3 |
---------------+----------+-----
Fighting       | 4 |  4.3
Maces & Flails | 4 5 |  5.2
Armour         | |  2.5
Dodging        | |  2.9
Stealth        | |  0.5

Action                   |  1- 3 |  4- 6 || total
-------------------------+-------+-------++-------
Melee: Mace              |    63 |     8 ||    71
       Headbutt          |    11 |     3 ||    14
  Use: Scroll            |     2 |       ||     2
 Stab: Sleeping          |     1 |       ||     1
  Eat: Bread ration      |       |     1 ||     1
Armor: Animal skin       |    22 |     3 ||    25
Dodge: Dodged            |    59 |    13 ||    72
Block: Buckler           |     2 |     2 ||     4
